Map: Orbital Shipyard

Players

LilDicky

  • Race: Terran Terran
  • League: Diamond

SlayerSBoxer - Winner!

  • Race: Terran Terran
  • League: Platinum

VOD

http://www.twitch.tv/tumescentpie

Description

Time

  • Played on: Dec. 7, 2015, 12:46 p.m.
  • Length: 14:36
Show
View Real Time Build Order
Export as new Build Order

LilDicky Terran 

Build Orders: Banshee Rush 

Get SALT Encoding   

  12  0:01  SCV  
  13  0:13  SCV  
  14  0:18  Supply Depot  
  14  0:25  SCV  
  15  0:32  Refinery  
  15  0:40  SCV  
  16  0:45  Barracks  
  16  0:52  SCV  
  17  1:04  SCV  
  18  1:16  SCV  
  19  1:28  SCV  
  20  1:37  Reaper  
  20  1:39  Supply Depot  
  21  1:43  Orbital Command  
  21  1:44  Refinery  
  20  1:57  Factory  
  20  2:05  Bunker  
  20  2:09  Supply Depot  
  20  2:10  SCV  
  20  2:14  Marine  
  22  2:22  SCV  
  23  2:34  Marine  
  24  2:42  Factory Tech Lab  
  24  2:43  Starport  
  23  2:51  Marine  
  23  2:54  SCV  
  25  3:07  Supply Depot  
  25  3:08  Widow Mine  
  25  3:09  Marine  
  28  3:25  Cloaking Field  
  28  3:26  Banshee  
  31  3:28  SCV, Marine  
  33  3:38  Command Center  
  33  3:45  Marine  
  33  3:46  Factory Tech Lab  
  34  3:51  SCV  
  35  3:57  Engineering Bay  
  35  4:03  SCV  
  35  4:08  Siege Tank  
  39  4:16  SCV  
  40  4:17  Banshee  
  40  4:19  Barracks Reactor  
  43  4:27  Missile Turret  
  43  4:28  SCV  
  44  4:33  Supply Depot  
  44  4:40  SCV  
  45  4:50  Siege Tank  
  48  5:12  Banshee, Marine x2  
  53  5:22  Siege Tank  
  53  5:45  Orbital Command  
  53  5:47  SCV  
  54  5:54  Siege Tank  
  54  5:55  Refinery  
  54  5:56  Refinery  
  51  6:25  Banshee  
  51  6:26  Siege Tank  
  57  6:46  SCV  
  51  6:52  Marine  
  48  7:08  Banshee  
  51  7:17  Siege Tank  
  51  7:18  Marine  
  51  7:19  Marine  
  56  7:25  Barracks x2  
  56  7:28  Barracks  
  53  7:31  SCV  
  53  7:32  SCV  
  53  7:33  Command Center  
  53  7:36  Marine x2  
  57  7:43  SCV  
  55  7:44  SCV  
  55  7:51  Banshee  
  56  7:54  Marine x2  
  60  8:12  Marine x2  
  59  8:15  Siege Tank  
  59  8:17  Marine  
  59  8:18  Marine x2  
  65  8:30  Marine x2  
  62  8:35  Banshee  
  65  8:41  Starport  
  65  8:44  Starport  
  65  8:45  Starport  
  62  8:49  Marine x2  
  62  8:51  Refinery  
  62  8:56  Refinery  
  49  9:29  Siege Tank  
  47  9:38  Banshee  
  47  9:39  Viking x3  
  47  9:42  Marine x5  
  58  9:57  Orbital Command  
  56  10:00  Marine x5  
  56  10:01  Siege Tank  
  56  10:03  SCV x2  
  56  10:04  Factory  
  56  10:05  Factory  
  66  10:09  Viking  
  68  10:15  SCV x2, Starport Reactor  
  68  10:16  Starport Tech Lab  
  68  10:18  Marine x2  
  72  10:21  Banshee  
  75  10:33  SCV  
  73  10:37  Siege Tank  
  56  10:59  Factory Tech Lab x2  
  56  11:01  Viking  
  56  11:03  Viking x2  
  60  11:04  Viking  
  60  11:09  Siege Tank  
  63  11:14  SCV x3  
  63  11:16  Barracks Tech Lab x2  
  63  11:17  Barracks Reactor  
  66  11:23  Marine  
  66  11:24  Marine  
  68  11:26  SCV x2  
  70  11:41  Siege Tank  
  70  11:43  Marine  
  70  11:44  Marauder  
  76  11:47  Combat Shields, Stimpack  
  76  11:50  Starport Reactor  
  76  11:52  Viking x3  
  82  12:06  Marine x3  
  82  12:07  Marauder  
  84  12:13  Supply Depot  
  84  12:14  Supply Depot  
  84  12:15  SCV  
  85  12:16  Orbital Command  
  85  12:27  SCV  
  85  12:28  Marauder  
  85  12:32  Marauder  
  85  12:34  Siege Tank x2  
  91  12:55  Hellion  
  93  13:05  Command Center, SCV  
  93  13:06  SCV x2  
  96  13:18  SCV  
  86  13:30  Banshee x2  
  86  13:31  Viking x4  
  87  13:54  Siege Tank x3  
Show
View Real Time Build Order
Export as new Build Order

SlayerSBoxer Terran - Winner!

Build Orders: MMM Bio 

Get SALT Encoding   

  12  0:01  SCV  
  13  0:14  SCV  
  14  0:18  Supply Depot  
  14  0:26  SCV  
  15  0:40  SCV  
  15  0:42  Barracks  
  16  0:53  SCV  
  16  0:54  Barracks  
  17  1:05  SCV  
  18  1:17  SCV  
  19  1:29  Marine  
  19  1:32  Orbital Command  
  20  1:45  Command Center, Marine  
  21  1:58  Marine  
  22  2:03  Marine  
  22  2:07  Supply Depot  
  23  2:09  Refinery  
  23  2:10  Refinery  
  23  2:29  SCV, Marine  
  25  2:37  Marine  
  25  2:52  SCV  
  26  2:58  Command Center  
  26  2:59  Factory  
  26  3:06  Orbital Command  
  26  3:11  Barracks Tech Lab  
  26  3:13  Barracks Reactor  
  26  3:16  SCV  
  27  3:27  Engineering Bay  
  27  3:28  SCV  
  27  3:33  SCV  
  29  3:38  Stimpack  
  29  3:41  Marine  
  30  3:53  Starport  
  30  3:56  SCV x2  
  30  4:01  Missile Turret  
  32  4:03  Missile Turret  
  32  4:06  Marine  
  32  4:08  Marine x2  
  35  4:16  Terran Infantry Weapons Level 1  
  35  4:22  SCV  
  35  4:23  SCV  
  36  4:25  Marine  
  36  4:26  Marine  
  36  4:28  Factory Tech Lab  
  38  4:35  Medivac  
  40  4:40  Orbital Command  
  40  4:49  SCV x2  
  40  4:50  Marine x2  
  38  5:15  SCV x3  
  38  5:20  Marine  
  38  5:21  Marine x2  
  40  5:28  Barracks x2  
  36  5:38  Viking, Marine x2  
  40  5:43  Marine  
  40  5:47  SCV  
  42  5:56  Marine  
  41  6:00  Marine  
  41  6:01  Marine  
  42  6:04  Siege Tank  
  44  6:14  Marine  
  44  6:19  Marine  
  42  6:26  Viking  
  42  6:28  Marine x2  
  44  6:35  Supply Depot  
  44  6:37  Supply Depot  
  43  6:43  SCV x2  
  45  6:54  SCV  
  46  6:55  Barracks Reactor, Barracks Tech Lab, SCV  
  46  6:56  Siege Tank  
  46  6:58  SCV  
  51  7:06  SCV  
  51  7:07  SCV  
  50  7:10  SCV  
  50  7:16  Marine  
  50  7:17  Missile Turret  
  50  7:18  SCV  
  50  7:19  SCV  
  50  7:25  SCV  
  51  7:30  SCV  
  51  7:34  Marine  
  51  7:35  Combat Shields  
  51  7:36  Marine x2  
  55  7:39  Barracks  
  55  7:40  Barracks  
  54  7:45  SCV x2  
  54  7:48  SCV  
  54  7:50  Siege Tank  
  54  7:51  Starport Reactor  
  60  7:52  Marine  
  60  7:54  Marine  
  60  7:55  Terran Infantry Armor Level 1  
  60  7:57  SCV x2  
  64  8:00  Supply Depot, Refinery x2, SCV  
  65  8:09  SCV x2, Missile Turret  
  65  8:11  Missile Turret  
  62  8:13  Marine x2  
  62  8:14  Marauder  
  65  8:22  SCV x2  
  66  8:31  Marine  
  66  8:39  Marine  
  66  8:40  Barracks Reactor, Barracks Tech Lab  
  69  8:41  Siege Tank, Marauder  
  69  8:43  SCV, Viking x2  
  69  8:48  Supply Depot, Refinery  
  77  8:49  Supply Depot  
  77  9:01  SCV x3  
  71  9:13  SCV  
  65  9:30  Marine x2  
  65  9:31  Marauder, Marine x2  
  66  9:32  Medivac x2, Siege Tank, Marauder  
  66  9:38  SCV x2  
  76  9:41  Barracks x2  
  76  9:43  Supply Depot x2  
  74  9:47  SCV  
  74  9:50  SCV  
  74  9:56  SCV  
  74  9:59  SCV  
  76  10:00  Refinery, Marine x5  
  76  10:01  Marauder  
  76  10:05  SCV  
  76  10:06  Concussive Shells  
  84  10:07  Supply Depot, Armory  
  84  10:08  SCV, Siege Tank  
  88  10:17  Supply Depot  
  88  10:18  SCV, Marauder, Supply Depot  
  92  10:26  Supply Depot  
  92  10:27  Supply Depot  
  91  10:31  Marine  
  91  10:32  Marine x3  
  91  10:33  Barracks Reactor x2, Marauder  
  91  10:35  SCV x3  
  99  10:41  Marauder  
  99  10:42  Siege Tank  
  104  10:43  Medivac  
  104  10:49  Marine x2  
  102  10:57  Marine x3  
  97  10:58  Medivac  
  97  11:03  Marauder  
  104  11:04  Terran Infantry Weapons Level 2  
  104  11:11  Marine x4  
  104  11:12  Marine  
  104  11:13  Marine  
  104  11:15  Marauder  
  104  11:18  Supply Depot  
  112  11:19  Engineering Bay  
  112  11:21  Marine x2  
  112  11:22  Medivac  
  112  11:24  Marauder  
  118  11:29  Marine  
  118  11:31  Supply Depot, Marine x2  
  118  11:32  Marine  
  122  11:37  Marauder  
  122  11:39  Marine x4  
  128  11:41  Supply Depot x2  
  128  11:43  Siege Tank  
  128  11:45  Marine  
  128  11:47  Marine  
  132  11:51  Missile Turret  
  133  11:58  Marine x5  
  133  11:59  Marauder  
  140  12:06  Marine x2  
  140  12:07  Marine x2  
  144  12:08  Medivac  
  144  12:09  Medivac  
  144  12:13  Terran Infantry Armor Level 2  
  148  12:19  Supply Depot  
  148  12:21  Marauder  
  148  12:22  Marine x5  
  153  12:24  Marine  
  144  12:43  Marine x3  
  144  12:44  Marine x3  
  148  12:45  Medivac x2, Siege Tank, Marauder x2  
  161  12:59  Marine x2  
  161  13:01  Marine x2  
  161  13:04  Supply Depot  
  165  13:06  Supply Depot  
  165  13:11  Marine x2  
  165  13:12  Marine x4  
  171  13:17  Marine  
  152  13:34  Marine x5  
  152  13:35  Marauder, Marine  
  152  13:36  Marauder  
  152  13:38  Medivac x2  
  156  13:57  Marauder  
  156  14:02  Marine x4  
  155  14:03  Marine x3  
  155  14:04  Marauder  
  159  14:14  Marine  
  136  14:23  Command Center  
Tags
 
Add a new tag
Caveats
  • Supply blocks, unpowered buildings, or Contaminate may cause inaccurate times.
  • Supply counts are checked every 10 seconds.